 Dungeon Crawl Stone Soup version 0.23-a0-644-gb60d84b (webtiles) character file.

93 zishaf the Skirmisher (level 4, 0/37 HPs)
             Began as a Formicid Abyssal Knight on Jan 1, 2019.
             Was a Follower of Lugonu.
             Slain by an adder (3 damage)
             ... on level 2 of the Dungeon.
             The game lasted 00:02:47 (1291 turns).

zishaf the Skirmisher (Formicid Abyssal Knight)     Turns: 1291, Time: 00:02:47

Health: 0/37       AC:  6    Str: 17    XL:     4   Next: 92%
Magic:  6/6        EV: 10    Int: 12    God:    Lugonu [*.....]
Gold:   68         SH:  0    Dex: 10    Spells: 3/3 levels left

rFire    . . .     SeeInvis +   a - +1 spear
rCold    . . .     Gourm    .   (no shield)
rNeg     . . .     Faith    .   e - +0 ring mail
rPois    .         Spirit   .   (helmet unavailable)
rElec    .         Reflect  .   (no cloak)
rCorr    .         Harm     .   m - +0 pair of gloves
MR       .....                  (no boots)
Stlth    ..........             (no amulet)
HPRegen  0.12/turn              (no ring)
MPRegen  0.10/turn              (no ring)

@: lethally poisoned (0 -> -3)
A: permanent stasis, dig shafts and tunnels, four strong arms, antennae 3
a: Dig, Shaft Self, Depart the Abyss, Renounce Religion


You were on level 2 of the Dungeon.
You worshipped Lugonu.
Lugonu was aware of your devotion.
You were not hungry.

You visited 1 branch of the dungeon, and saw 2 of its levels.
You visited the Abyss 1 time.

You collected 68 gold pieces.

Inventory:

Hand Weapons
 a - a +1 spear (weapon)
 b - a +0 hunting sling
Missiles
 i - 22 sling bullets
 k - 56 stones (quivered)
Armour
 e - a +0 ring mail (worn)
 m - a +0 pair of gloves (worn)
Scrolls
 f - 2 scrolls of fog {unknown}
 h - 4 scrolls of remove curse {unknown}
 j - 2 scrolls of random uselessness {unknown}
 n - a scroll of identify {unknown}
Potions
 d - a potion of brilliance {unknown}
 l - a potion of curing {unknown}
Comestibles
 c - 6 rations
 g - 6 chunks of flesh


   Skills:
 + Level 4.0 Fighting
 + Level 2.8 Polearms
 + Level 3.1 Armour
 - Level 0.8 Dodging
 + Level 3.4 Invocations


You had 3 spell levels left.
You didn't know any spells.
Your spell library contained the following spells:

 Spells                   Type           Power        Failure   Level  Hunger
 Corona                   Hex            #......      52%         1    ##.....
 Ensorcelled Hibernation  Hex/Ice        #.....       65%         2    ###....
 Confuse                  Hex            #.......     87%         3    ####...
 Dazzling Spray           Conj/Hex       #.....       87%         3    ####...
 Tukima's Dance           Hex            #.......     87%         3    ####...


Dungeon Overview and Level Annotations

Branches:
Dungeon (2/15)

Altars:


Innate Abilities, Weirdness & Mutations

You cannot be hasted, slowed, berserked, paralysed or teleported.
You can dig through walls and to a lower floor.
Your four strong arms can wield two-handed weapons with a shield.
You have a pair of large antennae on your head. (SInv)


Message History

The adder bites you but does no damage. The kobold closely misses you.
You hit the kobold.
You kill the kobold!
Lugonu accepts your kill.
* * * LOW HITPOINT WARNING * * *
You feel sick. The adder bites you.
* * * LOW HITPOINT WARNING * * *
The adder completely misses you.
* * * LOW HITPOINT WARNING * * *
You feel sick. The adder bites you but does no damage.
The adder closely misses you. x2
Found a purple potion.
Things that are here:
4 stones; a kobold corpse; the felid corpse of Natasha
* * * LOW HITPOINT WARNING * * *
You feel sick.
There is a stone staircase leading up here.
* * * LOW HITPOINT WARNING * * *
You feel sick. The adder bites you.
You die...

...##. .......####.....
....#!###.....#........
..............#......##
......##.#..##......#
#.......#.†........#
#......†.$.$#......#
##..##(...##......#
#.SS.............#
##@#......########
###......# ........#
#.#......# #.#......# #
########


You could see 2 adders.

Vanquished Creatures
  Natasha (D:2)
  An adder (D:1)
  An ooze (D:2)
  2 dart slugs (D:1)
  5 leopard geckos
  8 bats
  7 goblins
  3 hobgoblins
  3 jackals (D:2)
  3 kobolds
  A quokka (D:2)
  3 frilled lizards
  8 rats
46 creatures vanquished.

Notes
Turn   | Place    | Note
-------+----------+-------------------------------------------
     0 | Abyss:1  | zishaf the Formicid Abyssal Knight began the quest for the
                  | Orb.
     0 | Abyss:1  | Reached XP level 1. HP: 18/18 MP: 2/2
    57 | Abyss:1  | Found a corrupted altar of Lugonu.
   139 | Abyss:1  | Noticed a wraith
   143 | Abyss:1  | Noticed a neqoxec
   143 | Abyss:1  | Noticed a wretched star
   144 | D:1      | Escaped the Abyss
   148 | D:1      | Noticed an electric eel
   150 | D:1      | Noticed an electric eel
   252 | D:1      | Reached XP level 2. HP: 24/24 MP: 3/3
   448 | D:1      | Reached * piety under Lugonu
   468 | D:1      | Reached XP level 3. HP: 29/29 MP: 3/5
  1083 | D:2      | Reached XP level 4. HP: 36/37 MP: 6/6
  1270 | D:2      | Noticed Natasha
  1283 | D:2      | Killed Natasha
  1283 | D:2      | Reached skill level 4 in Fighting
  1291 | D:2      | Slain by an adder

Vault maps used:
D:1:      arrival_aquarium_b
D:2:      minmay_indecisive_spiral, uniq_natasha

Skill      XL: |  1  2  3  4 |
---------------+-------------+-----
Invocations    | 3 |  3.4
Armour         | 3 |  3.1
Fighting       | 4 |  4.0
Polearms       | |  2.8
Dodging        | |  0.8

Action                   |  1- 3 |  4- 6 || total
-------------------------+-------+-------++-------
Melee: Spear             |    81 |    51 ||   132
 Fire: Hunting sling     |    14 |       ||    14
Invok: Depart the Abyss  |     1 |       ||     1
  Eat: Chunk             |     1 |       ||     1
Armor: Ring mail         |    34 |    30 ||    64
Dodge: Dodged            |    41 |    33 ||    74

Table legend:
 A = Non-vault XP
 B = Vault XP
 C = Vault XP percentage of total XP
 D = Non-vault monster count
 E = Vault monster count
 F = Vault count percentage of total count
                 A         B        C        D         E       F
            +---------+---------+-------+---------+---------+-------
      Total |      95 |      39 |  29.1 |      41 |       5 |  10.9
            +---------+---------+-------+---------+---------+-------
        D:1 |      49 |       2 |   3.9 |      21 |       2 |   8.7
        D:2 |      46 |      37 |  44.6 |      20 |       3 |  13.0
            +---------+---------+-------+---------+---------+-------
